 Dungeon Crawl Stone Soup version 0.30-a0-462-gd5975efbca (webtiles) character file.

Game seed: 7166059396460204731

66 Darkkill the Shooter (level 3, -3/31 HPs)
             Began as a Minotaur Hunter on Dec 16, 2022.
             Slain by Robin
             ... wielding a +0 spear
              (5 damage)
             ... on level 3 of the Dungeon.
             The game lasted 00:02:36 (1117 turns).

Darkkill the Shooter (Minotaur Hunter)              Turns: 1117, Time: 00:02:36

Health: -3/31      AC:  4    Str: 15    XL:     3   Next: 96%
Magic:  11/11      EV: 12    Int:  6    God:
Gold:   68         SH:  0    Dex: 15    Spells: 2/2 levels left

rFire   . . .      SeeInvis .    a - +0 shortbow
rCold   . . .      Faith    .    (shield currently unavailable)
rNeg    . . .      Spirit   .    c - +0 leather armour
rPois   .          Reflect  .    (helmet restricted)
rElec   .          Harm     .    (no cloak)
rCorr   .          Rampage  .    e - +0 pair of gloves
Will    .....                    (no boots)
Stlth   ++........               (no amulet)
HPRegen 0.25/turn                l - ring of magical power
MPRegen 0.12/turn                (no ring)

@: no status effects
A: horns 2, retaliatory headbutt
a: no special abilities


You were on level 3 of the Dungeon.
You visited 1 branch of the dungeon, and saw 3 of its levels.

You collected 68 gold pieces.

Inventory:

Hand Weapons
 a - a +0 shortbow (weapon)
Missiles
 d - 17 stones
 g - 8 poisoned darts
Armour
 c - a +0 leather armour (worn)
 e - a +0 pair of gloves (worn)
Jewellery
 l - a ring of magical power (left hand)
Scrolls
 b - a scroll of immolation
 h - a scroll of poison
Potions
 f - 3 potions of heal wounds {unknown}
 i - a potion of haste {unknown}
 j - a potion of mutation {unknown}
 k - a potion of attraction {unknown}


   Skills:
 + Level 3.3 Fighting
 + Level 4.9 Ranged Weapons
 + Level 3.0 Dodging
 + Level 1.8 Stealth


You had 2 spell levels left.
You didn't know any spells.
Your spell library contained the following spells:

 Spells                   Type           Power      Damage    Failure   Level
 Ozocubu's Armour         Ice            0%         N/A       88%         3
 Metabolic Englaciation   Hex/Ice        0%         N/A       100%        5
 Simulacrum               Ice/Necr       0%         N/A       100%        6


Dungeon Overview and Level Annotations

Branches:
Dungeon (3/15)

Altars:

Annotations:
D:3 Robin


Innate Abilities, Weirdness & Mutations

You have a pair of horns on your head.
You reflexively headbutt those who attack you in melee.


Message History

The hobgoblin misses you.
A hobgoblin is nearby!
You shoot an arrow. The arrow hits the hobgoblin!
You kill the hobgoblin!
You see here a hobgoblin corpse.
A goblin and a hobgoblin come into view.
You shoot an arrow. The arrow hits the goblin.
You kill the goblin!
A hobgoblin is nearby!
You shoot an arrow. The arrow closely misses the hobgoblin.
A hobgoblin is nearby!
You shoot an arrow. The arrow hits the hobgoblin.
You kill the hobgoblin!
A goblin and a ball python come into view.
The ball python hisses angrily.
The goblin shouts!
You hear a shout!
A goblin comes into view. It is wielding a +0 club.
You hear a shout!
You shoot an arrow. The goblin shouts!
The arrow hits the goblin but does no damage.
A goblin comes into view. It is wielding a +0 dagger.
A goblin comes into view. It is wielding a +1 dagger of flaming.
Robin of the Strong Arm comes into view.
They are wielding a +0 spear and carrying a wand of roots (4).
You shoot an arrow.
Robin shouts!
The goblin shouts!
The arrow hits the ball python.
The ball python is moderately wounded.
You hear a shout!
A goblin comes into view. It is wielding a +0 dagger.
Robin throws the goblin at you! x2; The goblin closely misses you.
You furiously retaliate!
You headbutt the goblin!
You kill the goblin!
The goblin shouts!
You shoot an arrow. The arrow barely misses the goblin.
You hear a shout!
A goblin comes into view. It is wielding a +0 dagger.
The goblin barely misses you.
Robin roars a battlecry!
The goblins go into a battle-frenzy!
You shoot an arrow. The arrow hits the ball python.
You kill the ball python!
The goblin hits you with a +0 dagger.
You shoot an arrow. The arrow hits the goblin.
You kill the goblin!
A goblin comes into view. It is wielding a +0 dagger.
The goblin hits you with a +0 dagger. Robin throws the goblin at you!
An endoplasm comes into view.
Robin zaps a wand.
The roots erupt in riotous growth!
The goblin is unaffected.
The grasping roots grab you!
The goblin is unaffected. x3; The grasping roots constrict you.
The goblin hits you but does no damage. The goblin hits you with a +0 club.
The goblin closely misses you. You furiously retaliate!
You headbutt the goblin.
You hear a shout!
You hear an angry hiss.
The endoplasm quivers.
You hear an angry hiss.
You hear a shout!
You are too injured to fight recklessly!
You are too injured to fight recklessly!
Unknown command.
You shoot an arrow. The arrow closely misses the goblin.
You hear an angry hiss. x2
A goblin comes into view. It is wielding a +0 club.
The goblin barely misses you. The goblin hits you with a +0 dagger.
The goblin closely misses you. The grasping roots constrict you.
The grasping roots release their grip on you.
You shoot an arrow. The arrow barely misses the goblin.
The goblin closely misses you. You furiously retaliate!
You headbutt the goblin.
You kill the goblin!
A goblin comes into view. It is wielding a +0 club.
The goblin hits you with a +0 dagger. The goblin hits you but does no damage.
The goblin hits you with a +0 dagger.
You shoot an arrow. The arrow barely misses the goblin.
The endoplasm jiggles.
The goblin hits you but does no damage. The goblin misses you.
You furiously retaliate!
You headbutt the goblin!
You kill the goblin!
The goblin closely misses you. x2; The goblin barely misses you.
The goblin misses you.
You shoot an arrow. The arrow hits the goblin!
You kill the goblin!
The goblin hits you with a +0 dagger.
* * * LOW HITPOINT WARNING * * *
The goblin hits you with a +0 dagger.
* * * LOW HITPOINT WARNING * * *
The goblin closely misses you. You furiously retaliate!
You headbutt the goblin!
You kill the goblin!
Robin hits you but does no damage.
You shoot an arrow. The arrow hits the goblin.
You kill the goblin!
The goblin closely misses you. Robin throws the goblin at you!
* * * LOW HITPOINT WARNING * * *
Your Dodging skill increases to level 3!
Unknown command.
The endoplasm freezes you.
You are frozen.
* * * LOW HITPOINT WARNING * * *
Robin hits you from afar with a +0 spear.
You die...

###....†.#
###......#.#
###......#+#.#
###..††..###
#.#
###......###
#.####
#+#......###
#.....
#.....†###
#.....
##....g)##
#.....
##...@g)#
#.....
##...J.g#
#.....
##...g..#
#.####
##.....†#
#.####
##......#
#.....
##.....!#
#..... #..)...
#..... #.....
#..... ##....


You could see Robin, an endoplasm and 3 goblins.

Vanquished Creatures
  An iguana (D:3)
  2 worms
  3 ball pythons
  3 bats (D:2)
  2 endoplasms
  9 goblins
  2 hobgoblins (D:3)
  4 jackals (D:2)
  2 quokkas
  A frilled lizard (D:3)
  A kobold (D:3)
30 creatures vanquished.

Notes
Turn   | Place    | Note
-------+----------+-------------------------------------------
     0 | D:1      | Darkkill the Minotaur Hunter began the quest for the Orb.
     0 | D:1      | Reached XP level 1. HP: 18/18 MP: 0/0
    79 | D:1      | You fall into a shaft and drop 1 floor!
   148 | D:2      | Reached skill level 1 in Stealth
   224 | D:2      | Reached XP level 2. HP: 25/25 MP: 1/1
  1032 | D:3      | Reached XP level 3. HP: 20/31 MP: 2/2
  1107 | D:3      | Noticed Robin
  1115 | D:3      | HP: 3/31 [goblin/+0 dagger[Robin] (5)]
  1117 | D:3      | Slain by Robin

Illustrated notes

Levels and vault maps discovered:
D:1:      nicolae_arrival_memento_mori, layout_basic, serial_co_window_serial,
          co_window_of_opportunity_a, co_window_cross_1,
          co_window_of_opportunity_a, co_window_corner_a,
          co_window_of_opportunity_a, co_window_of_opportunity_a,
          co_window_2corner, co_window_corner_b, co_window_unsneaky_path_c,
          co_window_corner_b, co_window_4corner_a, glass_columns_a,
          glass_columns_c, glass_columns_a
D:2:      layout_loops_cross
D:3:      minmay_razor_zed, layout_basic, marbit_many_paths,
          nrook_loot_triangle, uniq_robin, uniq_crazy_yiuf_cottage

Skill      XL: |  1  2  3 |
---------------+----------+-----
Stealth        | 1 |  1.8
Fighting       | 3 |  3.3
Dodging        | 3 |  3.0
Ranged Weapons | |  4.9

Action                   || total
-------------------------++-------
 Fire: Shortbow          ||    64
  Use: Scroll            ||     2
Armor: Leather armour    ||     7
Dodge: Dodged            ||    20

Table legend: (Time is in decaauts)
 A = Elapsed time spent in this place.
 B = Non-inter-level travel time spent in this place.
 C = Inter-level travel time spent in this place.
 D = Time resting spent in this place.
 E = Time spent auto-exploring this place.
 F = Levels seen in this place.
 G = Mean time per level.
                   A        B        C        D        E       F      G
               +--------+--------+--------+--------+--------+-----+--------+
         Total |   1134 |   1110 |     24 |    175 |    771 |   3 |  378.0 |
       Dungeon |   1134 |   1110 |     24 |    175 |    771 |   3 |  378.0 |
               +--------+--------+--------+--------+--------+-----+--------+

Top non-repeatable levels by time:
     D:2: 868 daAuts
     D:3: 186 daAuts
     D:1: 79 daAuts

Table legend:
 A = Kills in this place as a percentage of kills in entire the game.
 B = Kills by you in this place as a percentage of kills by you in the entire game.
 C = Kills by friends in this place as a percentage of kills by friends in the entire game.
 D = Other kills in this place as a percentage of other kills in the entire game.
 E = Experience gained in this place as a percentage of experience gained in the entire game.
 F = Experience gained in this place divided by the number of levels of this place that you have seen.
                   A       B       C       D       E      F
               +-------+-------+-------+-------+-------+----------------------
         Total | 100.0 | 100.0 |   N/A |   N/A | 100.0 |  31.7
       Dungeon | 100.0 | 100.0 |   N/A |   N/A | 100.0 |  31.7
               +-------+-------+-------+-------+-------+----------------------
